 Dungeon Crawl Stone Soup version 0.28-a0-43-g560ac104fe (webtiles) character file.

Game seed: 17355054998281287740

91 avis the Insei (level 4, 0/31 HPs)
             Began as an Octopode Transmuter on July 28, 2021.
             Slain by an orc (7 damage)
             ... on level 2 of the Dungeon on July 29, 2021.
             The game lasted 00:10:52 (2112 turns).

avis the Insei (Octopode Transmuter)                Turns: 2112, Time: 00:10:53

Health: 0/31       AC:  1    Str: 10    XL:     4   Next: 59%
Magic:  0/7        EV: 13    Int: 15    God:
Gold:   66         SH:  0    Dex: 12    Spells: 3/7 levels left

rFire   . . .      SeeInvis .   a - +0 dagger
rCold   + + .      Faith    .   (no shield)
rNeg    . . .      Spirit   .   (helmet restricted)
rPois   .          Reflect  .   (no amulet)
rElec   .          Harm     .   i - ring of protection from cold
rCorr   .          Rampage  .   n - ring of protection from cold
Will    .....                   (no ring)
Stlth   +++.......              (no ring)
HPRegen 0.10/turn               (no ring)
MPRegen 0.10/turn               (no ring)
                                (no ring)
                                (no ring)

@: very slightly contaminated
A: almost no armour, amphibious, 8 rings, camouflage 1, gelatinous body 1,
(nimble swimmer 1), tentacles
a: no special abilities


You were on level 2 of the Dungeon.
You visited 1 branch of the dungeon, and saw 3 of its levels.

You collected 66 gold pieces.

Inventory:

Hand Weapons
 a - a +0 dagger (weapon)
 b - a +0 hunting sling
 e - a +0 whip
Missiles
 d - 79 stones
 g - 23 sling bullets
 h - 6 curare-tipped darts
 k - 29 arrows
Jewellery
 i - a ring of protection from cold (left tentacle)
 n - a ring of protection from cold (right tentacle)
Wands
 m - a wand of charming (2)
Scrolls
 c - 2 scrolls of blinking {unknown}
 f - 4 scrolls of identify {unknown}
 j - a scroll of enchant armour {unknown}
 l - a scroll of amnesia {unknown}
 o - a scroll of silence {unknown}
 q - a scroll of fog {unknown}
Potions
 p - 2 potions of degeneration {unknown}


   Skills:
 - Level 3.0 Fighting
 - Level 2.0 Dodging
 - Level 2.0 Stealth
 * Level 3.4 Unarmed Combat
 - Level 2.0 Spellcasting
 - Level 2.0 Transmutations
 - Level 2.0 Poison Magic


You had 3 spell levels left.
You knew the following spells:

 Your Spells              Type           Power      Damage    Failure   Level
a - Beastly Appendage     Tmut           14%        N/A       10%         1
p - Spider Form           Tmut/Pois      3%         N/A       28%         3

Your spell library contained the following spells:

 Spells                   Type           Power      Damage    Failure   Level
 Wereblood                Tmut           7%         N/A       14%         2
 Sublimation of Blood     Necr           0%         N/A       32%         2
 Ice Form                 Ice/Tmut       4%         N/A       82%         4
 Petrify                  Tmut/Erth      4%         N/A       82%         4
 Irradiate                Conj/Tmut      2%         3d14      99%         5


Dungeon Overview and Level Annotations

Branches:
Dungeon (3/15)

Altars:


Innate Abilities, Weirdness & Mutations

You cannot wear most types of armour.
You are amphibious.
You can wear up to eight rings at the same time.
Your skin changes colour to match your surroundings (Stealth+).
Your rubbery body absorbs attacks. (AC +1, EV +1)
((You are camouflaged near water. (Stealth+)))
You have tentacles for arms and can constrict up to eight enemies at once.


Message History

The adder is lightly wounded.
The adder completely misses you.
You bite the adder!
You kill the adder!
Your magical contamination has completely faded away.
A kobold comes into view. It is wielding a +0 dagger.
A gnoll comes into view. It is wielding a +0 spear.
A gnoll comes into view. It is wielding a +0 whip.
The gnoll shouts!
The kobold throws a stone.
The stone completely misses you.
The gnoll moves out of view.
Found a stone staircase leading up.
A gnoll comes into view.
It is wielding a +0 whip. 3 orcs come into view.
The gnoll shouts!
The orc shouts! x2
A gnoll comes into view. It is wielding a +0 club.
The kobold throws a stone.
The stone closely misses you.
The orc shouts!
You see here 24 stones.
An orc wizard comes into view. It is wielding a +0 dagger.
Your transformation has ended.
Your +0 dagger unmelds from your body.
An endoplasm comes into view.
The gnoll hits you from afar with a +0 spear!
The orc hits you with a +0 falchion.
There is a stone staircase leading up here.
The kobold barely misses you. The orc misses you.
The orc hits you with a +0 falchion.
The gnoll hits you from afar with a +0 spear!
* * * LOW HITPOINT WARNING * * *
You climb upwards.
There is a stone staircase leading down here.
Casting: Spider Form (quite dangerous; 28% risk of failure)
Confirm with . or Enter, or press ? or * to list all spells.
The spell is quite dangerous to cast (28% risk of failure)!
Continue anyway?
You miscast Spider Form.
You are very lightly contaminated with residual magic.
Nothing appears to happen.
The kobold barely misses you. The orc hits you with a +0 falchion!
You die...

#...................##....#
#...................##....#
#...................##....##
#..........................#
#....######................#
#....# #................#
#....# ####.............#
#....#########..............
#.........o@..............>.
#...........K...............
##........................##
#....)....................##
#.........................##
#.............###.......#...
#.....).....................
#...........................
##############.................


You could see an orc and a kobold.

Vanquished Creatures
  Jessica (D:2)
  2 adders
  3 dart slugs
  5 ball pythons (D:2)
  2 endoplasms
  A giant cockroach (D:2)
  5 goblins
  2 hobgoblins (D:1)
  4 jackals (D:2)
  2 quokkas (D:2)
  A bat (D:1)
  A frilled lizard (D:1)
  4 kobolds
  7 rats
40 creatures vanquished.

Notes
Turn   | Place    | Note
-------+----------+-------------------------------------------
     0 | D:1      | avis the Octopode Transmuter began the quest for the Orb.
     0 | D:1      | Reached XP level 1. HP: 13/13 MP: 3/3
    72 | D:1      | Reached skill level 1 in Stealth
   271 | D:1      | Reached XP level 2. HP: 18/18 MP: 3/5
   519 | D:1      | Found a faded altar of an unknown god.
   886 | D:2      | Reached skill level 1 in Poison Magic
  1020 | D:2      | Reached XP level 3. HP: 24/24 MP: 4/6
  1024 | D:2      | Learned a level 3 spell: Spider Form
  1493 | D:2      | Noticed Jessica
  1560 | D:2      | Killed Jessica
  1561 | D:2      | Reached XP level 4. HP: 27/31 MP: 3/7
  2112 | D:2      | Slain by an orc

Illustrated notes

Levels and vault maps discovered:
D:1:      giann_bridges, layout_loops_cross,
          hellmonk_ecumenical_altar_crossroads
D:2:      layout_basic, uniq_jessica
D:3:      layout_rooms, serial_shops, nicolae_square_shop

Skill      XL: |  1  2  3 |
---------------+----------+-----
Stealth        | 2 |  2.0
Fighting       | 2 3 |  3.0
Poison Magic   | 1 2 |  2.0
Dodging        | |  2.0
Unarmed Combat | |  3.4
Spellcasting   | |  2.0
Transmutations | |  2.0

Action                   |  1- 3 |  4- 6 || total
-------------------------+-------+-------++-------
Melee: Unarmed           |    12 |    16 ||    28
       Dagger            |    51 |       ||    51
       Constrict         |    20 |       ||    20
       Kick              |    15 |       ||    15
       Tentacles         |     8 |       ||     8
       Punch             |     2 |       ||     2
 Fire: Hunting sling     |       |     3 ||     3
 Cast: Beastly Appendage |    23 |       ||    23
       Spider Form       |     2 |     3 ||     5
 Stab: Sleeping          |     7 |       ||     7
Armor: Skin              |     6 |       ||     6
Dodge: Dodged            |    32 |    18 ||    50

Table legend: (Time is in decaauts)
 A = Elapsed time spent in this place.
 B = Non-inter-level travel time spent in this place.
 C = Inter-level travel time spent in this place.
 D = Time resting spent in this place.
 E = Time spent auto-exploring this place.
 F = Levels seen in this place.
 G = Mean time per level.
                   A        B        C        D        E       F      G
               +--------+--------+--------+--------+--------+-----+--------+
         Total |   2112 |   1949 |    163 |    590 |    862 |   3 |  704.0 |
       Dungeon |   2112 |   1949 |    163 |    590 |    862 |   3 |  704.0 |
               +--------+--------+--------+--------+--------+-----+--------+

Top non-repeatable levels by time:
     D:2: 1105 daAuts
     D:1: 914 daAuts
     D:3: 92 daAuts
